 Dungeon Crawl Stone Soup version 0.32-a0-711-g016ad743e0 (webtiles) character file.

Game seed: 15822185450543231519

47 Chimkentus the Vexing (level 3, -2/16 HPs)
             Began as a Spriggan Enchanter on Mar 15, 2024.
             Blown up by Ijyb (13 damage)
             ... with a mindburst bolt
             ... on level 2 of the Dungeon.
             The game lasted 00:16:46 (1958 turns).

Chimkentus the Vexing (Spriggan Enchanter)          Turns: 1958, Time: 00:16:47

Health: -2/16      AC:  4    Str:  4    XL:     3   Next: 48%
Magic:  4/17       EV: 16    Int: 18    God:
Gold:   64         SH:  0    Dex: 15    Spells: 2/8 levels left

rFire   . . .        a - +1 dagger
rCold   . . .        (no shield)
rNeg    + . .        n - +2 robe {rN+}
rPois   .            (helmet restricted)
rElec   .            (no cloak)
rCorr   .            (gloves unavailable)
SInv    +            (boots unavailable)
Will    .....        (no amulet)
Stlth   +++          o - ring of magical power
HPRegen 0.22/turn    (no ring)
MPRegen 0.15/turn

%: no passive effects
@: confusing by touch, very slightly contaminated, very quick
A: very small, no large weapons, unfitting armour, see invisible, speed 3
a: no special abilities


You were on level 2 of the Dungeon.
You visited 1 branch of the dungeon, and saw 2 of its levels.

You collected 141 gold pieces.
You spent 77 gold pieces at shops.

Inventory:

Hand Weapons
 a - a +1 dagger (weapon)
 j - a +2 whip of pain
Missiles
 e - 4 poisoned darts
 h - 5 boomerangs (quivered)
Armour
 b - a +0 robe
 n - a +2 robe of positive energy (worn)
Jewellery
 o - a ring of magical power (left hand)
Scrolls
 d - 2 scrolls of enchant armour {unknown}
 f - 3 scrolls of immolation {unknown}
 l - a scroll of fog {unknown}
 m - a scroll of acquirement {unknown}
 p - a scroll of identify {unknown}
Potions
 c - 2 potions of invisibility
 g - a potion of brilliance {unknown}
 i - 3 potions of magic {unknown}
 k - a potion of lignification {unknown}


   Skills:
 * Level 1.1 Short Blades
 - Level 1.1 Throwing
 * Level 3.0 Dodging
 + Level 4.4 Stealth
 - Level 3.1 Spellcasting
 * Level 4.6 Hexes
 - Level 0.3 Ice Magic


You had 2 spell levels left.
You knew the following spells:

 Your Spells              Type           Power      Damage    Failure   Level
a - Ensorcelled Hibernat  Hex/Ice        22%        N/A       9%          2
b - Confusing Touch       Hex            19%        N/A       7%          3
c - Magic Dart            Conj           8%         1d3       16%         1

Your spell library contained the following spells:

 Spells                   Type           Power      Damage    Failure   Level
 Searing Ray              Conj           4%         2d4       24%         2
 Tukima's Dance           Hex            19%        N/A       7%          3
 Dazzling Flash           Conj/Hex       22%        N/A       19%         3
 Fulminant Prism          Conj/Alch      1%         3d5       85%         4


Dungeon Overview and Level Annotations

Branches:
Dungeon (2/15)

Altars:

Shops:
D:1 *   D:2 [

Annotations:
D:2 Ijyb


Innate Abilities, Weirdness & Mutations

You are very small and have problems with some larger weapons.
You are too small for most types of armour.
You have supernaturally acute eyesight. (SInv)
You cover ground extremely quickly. (Speed+++)


Message History

Confirm with . or Enter, or press ? or * to list all spells.
Aiming: Ensorcelled Hibernation (safe; 9% risk of failure)
Press: ? - help, Shift-Dir - straight line, f/p - goblin
Aim: a goblin, wielding a +0 club (chance to affect: 62%)
The goblin resists with significant effort.
The goblin misses you.
Casting: Ensorcelled Hibernation (safe; 9% risk of failure)
Confirm with . or Enter, or press ? or * to list all spells.
Aiming: Ensorcelled Hibernation (safe; 9% risk of failure)
Press: ? - help, Shift-Dir - straight line, f/p - goblin
Aim: a goblin, wielding a +0 club (chance to affect: 62%)
The goblin looks drowsy...
The helpless goblin fails to defend itself.
You impale the goblin!!
You kill the goblin!
Casting: Ensorcelled Hibernation (safe; 9% risk of failure)
Confirm with . or Enter, or press ? or * to list all spells.
Aiming: Ensorcelled Hibernation (safe; 9% risk of failure)
Press: ? - help, Shift-Dir - straight line, f - Ijyb
Aim: Ijyb, wielding a +0 dagger, wearing a +0 leather armour and carrying a wand of mindburst (chance to affect: 53%) Ijyb looks drowsy...
Things that are here:
a +0 club; a goblin corpse The helpless Ijyb fails to defend herself.
You impale Ijyb!!
Ijyb is almost dead.
Ijyb barely misses you.
You aren't carrying any items that you can evoke.
Unknown command.
Casting: Ensorcelled Hibernation (safe; 9% risk of failure)
Confirm with . or Enter, or press ? or * to list all spells.
You miscast Confusing Touch.
You are very lightly contaminated with residual magic.
Nothing appears to happen.
Ijyb hits you with a +0 dagger.
Casting: Confusing Touch (extremely dangerous; 7% risk of failure)
Confirm with . or Enter, or press ? or * to list all spells.
Your hands begin to glow red.
Ijyb zaps a wand.
Your mind is blasted!
Ouch! That really hurt!
You die...
Ijyb moans, "Good help so hard to find!"

....###......(.......
.....##...............#
...#..................#
.....##.)....รท...#....
.###....#.).#........
.###.#..###.<......##
..##.......##...#...#
..##...###..(.......#
..#....# ###...)@g..#
.......## #...#.##.#
........# #####..#.##
........# ##....#
#.......# ##.#.#
.......## #.# #
#)......# #.# ........#
#...# ........# ##g..#


You could see Ijyb.

Vanquished Creatures
  A dart slug (D:1)
  A ribbon worm (D:2)
  4 endoplasms
  A giant cockroach (D:2)
  A hobgoblin (D:1)
  2 kobolds
  2 quokkas (D:2)
  5 ball pythons
  6 bats
  A frilled lizard (D:1)
  13 goblins
  4 rats
41 creatures vanquished.

Notes
Turn   | Place    | Note
-------+----------+-------------------------------------------
     0 | D:1      | Chimkentus the Spriggan Enchanter began the quest for the
                  | Orb.
     0 | D:1      | Reached XP level 1. HP: 9/9 MP: 5/5
   200 | D:1      | Reached XP level 2. HP: 13/13 MP: 7/7
   203 | D:1      | Learned a level 2 spell: Ensorcelled Hibernation
   860 | D:1      | Found Mireon's Assorted Antiques.
  1007 | D:1      | Bought a glowing robe for 77 gold pieces
  1033 | D:2      | Reached skill level 1 in Throwing
  1077 | D:2      | Reached XP level 3. HP: 15/16 MP: 0/8
  1081 | D:2      | Learned a level 3 spell: Confusing Touch
  1083 | D:2      | Learned a level 1 spell: Magic Dart
  1084 | D:2      | Noticed Ijyb
  1765 | D:2      | Found Ucsusa's Armour Emporium.
  1958 | D:2      | Blown up by Ijyb

Illustrated notes

Levels and vault maps discovered:
D:1:      hellmonk_arrival_library, layout_loops_ring, serial_shops,
          nicolae_shop_behind_doors
D:2:      kennysheep_the_goblin_king, layout_rooms, serial_shops,
          nicolae_shop_statue_plus

Skill      XL: |  1  2  3 |
---------------+----------+-----
Spellcasting   | 3 |  3.1
Hexes          | 4 |  4.6
Throwing       | 1 |  1.1
Dodging        | 3 |  3.0
Short Blades   | |  1.1
Stealth        | |  4.4
Ice Magic      | |  0.3

Action                     || total
---------------------------++-------
  Melee: Dagger            ||    62
  Throw: Dart              ||     5
         Boomerang         ||    28
   Cast: Ensorcelled Hiber ||    31
         Magic Dart        ||     2
         Confusing Touch   ||     1
   Stab: Sleeping          ||    27
 Armour: Robe              ||    18
  Dodge: Dodged            ||    46

Table legend: (Time is in decaauts)
 A = Elapsed time spent in this place.
 B = Non-inter-level travel time spent in this place.
 C = Inter-level travel time spent in this place.
 D = Time resting spent in this place.
 E = Time spent auto-exploring this place.
 F = Levels seen in this place.
 G = Mean time per level.
                   A        B        C        D        E       F      G
               +--------+--------+--------+--------+--------+-----+--------+
         Total |   1462 |   1321 |    141 |    166 |    800 |   2 |  731.0 |
       Dungeon |   1462 |   1321 |    141 |    166 |    800 |   2 |  731.0 |
               +--------+--------+--------+--------+--------+-----+--------+

Top non-repeatable levels by time:
     D:1: 934 daAuts
     D:2: 527 daAuts
